Map: Prion Terraces

Players

HuK - Winner!

  • Race: Protoss Protoss

LiquidMaNa (MaNa)

  • Race: Protoss Protoss

Event: 2016 WCS Winter Circuit Championship

VOD

Have the link to the VOD?

Description

Time

  • Played on: March 3, 2016, 11:11 a.m.
  • Length: 9:07

All games in this series

Show
View Real Time Build Order
Export as new Build Order

HuK Protoss - Winner!

Build Orders: Oracle Opening 

Get SALT Encoding   

  12  0:00  Probe (Chrono Boost)  
  13  0:11  Probe (Chrono Boost)  
  14  0:18  Pylon  
  14  0:22  Probe (Chrono Boost)  
  15  0:36  Probe (Chrono Boost)  
  15  0:37  Gateway  
  16  0:42  Assimilator  
  16  0:47  Probe (Chrono Boost)  
  17  0:51  Assimilator  
  17  0:57  Probe (Chrono Boost)  
  18  1:07  Gateway  
  18  1:08  Probe (Chrono Boost)  
  20  1:18  Probe (Chrono Boost)  
  20  1:24  Cybernetics Core  
  20  1:29  Probe (Chrono Boost)  
  21  1:34  Pylon  
  21  1:39  Probe (Chrono Boost)  
  22  1:50  Probe (Chrono Boost)  
  23  2:01  Stalker  
  25  2:02  Warp Gate (Chrono Boost)  
  25  2:04  Stalker  
  27  2:11  Mothership Core  
  29  2:24  Pylon  
  29  2:31  Stalker  
  31  2:42  Probe  
  32  2:45  Stargate  
  32  2:50  Adept  
  34  2:53  Pylon  
  34  2:55  Probe  
  35  3:06  Pylon  
  35  3:09  Pylon  
  33  3:27  Probe  
  33  3:29  Oracle (Chrono Boost)  
  37  3:39  Probe  
  38  3:54  Probe  
  39  4:01  Nexus  
  39  4:07  Stalker x2  
  43  4:14  Oracle (Chrono Boost)  
  40  4:25  Probe  
  41  4:41  Probe  
  41  4:44  Gateway x2  
  42  4:53  Robotics Facility, Probe (Chrono Boost)  
  42  4:54  Sentry  
  42  4:56  Adept  
  47  5:09  Pylon  
  47  5:12  Probe (Chrono Boost)  
  48  5:17  Probe (Chrono Boost)  
  49  5:23  Probe (Chrono Boost)  
  49  5:27  Probe (Chrono Boost)  
  48  5:29  Assimilator x2  
  48  5:34  Probe (Chrono Boost)  
  46  5:37  Probe (Chrono Boost)  
  46  5:40  Immortal (Chrono Boost)  
  51  5:48  Probe  
  51  5:49  Twilight Council  
  52  5:51  Probe  
  53  5:57  Pylon  
  53  6:00  Probe  
  54  6:04  Probe  
  54  6:10  Stalker x2  
  59  6:17  Observer (Chrono Boost)  
  60  6:20  Probe  
  60  6:23  Nexus  
  61  6:34  Immortal  
  61  6:36  Pylon  
  61  6:39  Blink (Chrono Boost)  
  65  6:48  Sentry x3  
  65  6:52  Gateway  
  71  6:54  Gateway  
  69  7:03  Pylon  
  69  7:09  Pylon  
  69  7:13  Probe  
  69  7:14  Gateway  
  70  7:19  Immortal  
  74  7:34  Stalker x2  
  78  7:37  Probe  
  79  7:46  Stalker x2  
  83  7:55  Immortal  
  83  7:56  Pylon  
  83  8:03  Sentry  
  89  8:06  Stalker x2  
  95  8:24  Stalker x4  
  95  8:25  Pylon  
  101  8:29  Pylon  
  95  8:53  Stalker x5  
  95  8:54  Stalker x2  
Show
View Real Time Build Order
Export as new Build Order

LiquidMaNa Protoss 

Build Orders:  

Get SALT Encoding   

  12  0:00  Probe (Chrono Boost)  
  13  0:11  Probe (Chrono Boost)  
  14  0:17  Pylon  
  14  0:22  Probe (Chrono Boost)  
  15  0:36  Probe (Chrono Boost)  
  15  0:37  Gateway  
  16  0:46  Probe (Chrono Boost)  
  16  0:47  Assimilator  
  18  0:57  Probe (Chrono Boost)  
  18  1:02  Assimilator  
  18  1:07  Probe (Chrono Boost)  
  18  1:11  Gateway  
  19  1:18  Probe (Chrono Boost)  
  20  1:27  Cybernetics Core  
  20  1:28  Probe (Chrono Boost)  
  21  1:36  Pylon  
  21  1:39  Probe (Chrono Boost)  
  22  1:53  Probe (Chrono Boost)  
  23  2:04  Warp Gate (Chrono Boost), Mothership Core (Chrono Boost)  
  25  2:22  Nexus  
  25  2:26  Sentry (Chrono Boost)  
  27  2:36  Stalker (Chrono Boost)  
  29  2:41  Pylon  
  29  2:52  Stalker (Chrono Boost)  
  31  3:02  Probe  
  34  3:08  Stalker (Chrono Boost)  
  34  3:18  Stalker (Chrono Boost)  
  34  3:37  Robotics Facility  
  34  3:40  Stalker (Chrono Boost)  
  33  3:55  Gateway  
  33  3:58  Probe  
  32  4:13  Sentry  
  33  4:25  Observer (Chrono Boost)  
  34  4:33  Probe x2 (Chrono Boost)  
  32  4:45  Probe x2 (Chrono Boost)  
  33  4:49  Immortal  
  36  4:55  Probe x2 (Chrono Boost)  
  36  4:56  Stalker  
  40  5:06  Probe x2 (Chrono Boost)  
  42  5:16  Probe (Chrono Boost)  
  42  5:17  Probe (Chrono Boost)  
  42  5:18  Stalker  
  46  5:27  Probe x2 (Chrono Boost)  
  45  5:37  Probe (Chrono Boost)  
  45  5:38  Probe (Chrono Boost)  
  45  5:42  Warp Prism  
  49  5:48  Probe x2 (Chrono Boost)  
  51  5:57  Assimilator  
  51  5:58  Probe (Chrono Boost)  
  51  5:59  Probe (Chrono Boost)  
  51  6:03  Twilight Council  
  53  6:11  Probe (Chrono Boost)  
  53  6:13  Pylon  
  54  6:31  Probe x2 (Chrono Boost)  
  56  6:34  Blink (Chrono Boost)  
  56  6:35  Immortal  
  60  6:40  Probe (Chrono Boost)  
  60  6:41  Probe (Chrono Boost)  
  60  6:46  Pylon  
  62  6:49  Assimilator  
  62  6:55  Pylon  
  62  7:02  Probe  
  62  7:04  Probe  
  64  7:13  Probe  
  64  7:14  Immortal (Chrono Boost)  
  69  7:16  Gateway, Probe  
  70  7:25  Zealot  
  71  7:30  Gateway  
  71  7:31  Gateway, Probe  
  71  7:32  Pylon  
  72  7:41  Probe  
  72  7:43  Probe  
  74  7:44  Pylon, Forge  
  74  7:53  Immortal (Chrono Boost)  
  74  7:56  Sentry  
  80  8:01  Pylon  
  80  8:03  Probe  
  81  8:11  Probe  
  82  8:16  Probe  
  83  8:22  Stalker  
  83  8:23  Stalker x2  
  89  8:39  Pylon  
  89  8:42  Pylon  
  89  8:43  Pylon  
  80  8:50  Stalker x5  
  80  8:53  Probe  
Tags
 
Add a new tag
Caveats
  • Supply blocks, unpowered buildings, or Contaminate may cause inaccurate times.
  • Supply counts are checked every 10 seconds.